 Dungeon Crawl Stone Soup version 0.20-a0-967-g62cfa5d (webtiles) character file.

103 Jarlath the Chiller (level 4, -1/24 HPs)
             Began as a Deep Elf Ice Elementalist on Apr 7, 2017.
             Slain by a gnoll
             ... wielding a +0 spear
              (4 damage)
             ... on level 3 of the Dungeon.
             The game lasted 00:02:27 (1832 turns).

Jarlath the Chiller (Deep Elf Ice Elementalist)     Turns: 1832, Time: 00:02:28

Health: -1/24      AC:  2    Str:  5    XL:     4   Next: 51%
Magic:  12/12      EV: 13    Int: 21    God:
Gold:   76         SH:  0    Dex: 15    Spells: 3/11 levels left

rFire    . . .     SeeInvis .   l - +2 short sword (elec)
rCold    . . .     Gourm    .   (no shield)
rNeg     . . .     Faith    .   a - +0 robe
rPois    .         Spirit   .   (no helmet)
rElec    .         Reflect  .   (no cloak)
rCorr    .         Harm     .   (no gloves)
MR       .....                  (no boots)
Stlth    ++........             (no amulet)
Regen    0.1/turn               (no ring)
MPRegen  0.2/turn               (no ring)

@: no status effects
A: no striking features
a: no special abilities


You were on level 3 of the Dungeon.
You were hungry.

You visited 1 branch of the dungeon, and saw 3 of its levels.

You collected 76 gold pieces.

Inventory:

Hand Weapons
 l - a +2 short sword of electrocution (weapon)
Armour
 a - a +0 robe (worn)
Scrolls
 d - 2 scrolls of amnesia
 e - a scroll of teleportation
Potions
 i - a potion of curing
 j - a potion of might {unknown}
Books
 b - a book of Frost

   Spells                             Type                      Level
   a - Freeze                         Ice                          1
   b - Throw Frost                    Conjuration/Ice              2
   c - Ozocubu's Armour               Charms/Ice                   3
   d - Throw Icicle                   Conjuration/Ice              4
   e - Summon Ice Beast               Ice/Summoning                4
 k - a book of Minor Magic

   Spells                             Type                      Level
   a - Magic Dart                     Conjuration                  1
   b - Blink                          Translocation                2
   c - Call Imp                       Summoning                    2
   d - Slow                           Hexes                        2
   e - Conjure Flame                  Conjuration/Fire             3
   f - Mephitic Cloud                 Conjuration/Poison/Air       3
Comestibles
 c - 4 bread rations
 f - a fruit
 g - a royal jelly
 h - a meat ration


   Skills:
 - Level 2.4 Dodging
 - Level 2.4 Stealth
 - Level 4.4 Spellcasting
 + Level 2.0 Conjurations
 - Level 4.8 Ice Magic


You had 3 spell levels left.
You knew the following spells:

 Your Spells              Type           Power        Failure   Level  Hunger
a - Freeze                Ice            ####         1%          1    None
b - Ozocubu's Armour      Chrm/Ice       ##......     14%         3    ##.....
c - Throw Icicle          Conj/Ice       ###.....     28%         4    ####...


Dungeon Overview and Level Annotations

Branches:
Dungeon (3/15)

Altars:


Message History

You climb upwards.
There is a stone staircase leading down here.
You climb downwards.
The gnoll shouts!
The gnoll hits you from afar with a spear!
The gnoll misses you.
There is a stone staircase leading up here.
The gnoll barely misses you. x2
The gnoll completely misses you. The gnoll closely misses you.
You climb upwards.
There is a stone staircase leading down here.
You climb downwards.
The gnoll hits you with a spear! The gnoll hits you with a spear.
* * * LOW HITPOINT WARNING * * *
The gnoll closely misses you. The gnoll barely misses you.
There is a stone staircase leading up, spattered with blood here.
The gnoll hits you with a spear.
* * * LOW HITPOINT WARNING * * *
The gnoll hits you with a spear.
You die...

##.... #. #.g..
#.# #... #.# #..
#.# #.# #.# #.#
#.# ##g##
##.##########...##
#..............@.#
#(.##########.gg##
##..# ##.## ....#
### .#.## .#.#
.#.######
.#......#
.######.#


You could see 3 gnolls.

Vanquished Creatures
  An orc wizard (D:3)
  An adder (D:2)
  A gnoll (D:2)
  An ooze (D:1)
  A leopard gecko (D:2)
  4 orcs (D:3)
  2 giant cockroaches (D:1)
  7 goblins
  5 hobgoblins
  5 jackals
  2 kobolds
  2 quokkas (D:2)
  7 bats
  2 frilled lizards
  5 rats
46 creatures vanquished.

Notes
Turn   | Place    | Note
-------+----------+-------------------------------------------
     0 | D:1      | Jarlath the Deep Elf Ice Elementalist began the quest for the Orb.
     0 | D:1      | Reached XP level 1. HP: 10/10 MP: 6/6
    68 | D:1      | Reached XP level 2. HP: 7/15 MP: 0/8
   719 | D:2      | Reached XP level 3. HP: 19/19 MP: 8/10
   762 | D:2      | Learned a level 3 spell: Ozocubu's Armour
  1336 | D:2      | You fall through a shaft!
  1365 | D:3      | Reached XP level 4. HP: 12/24 MP: 3/12
  1509 | D:3      | Learned a level 4 spell: Throw Icicle
  1832 | D:3      | Slain by a gnoll

Vault maps used:
D:1:      tarquinn_simple_flora_water_e
D:2:      minmay_door_path, first_bread, minmay_tetromino_l4

Skill      XL: |  1  2  3  4 |
---------------+-------------+-----
Ice Magic      | 4 |  4.8
Spellcasting   | 4 |  4.4
Conjurations   | 2 |  2.0
Dodging        | |  2.4
Stealth        | |  2.4

Action                   |  1- 3 |  4- 6 || total
-------------------------+-------+-------++-------
Melee: Unarmed           |     7 |     1 ||     8
       Short sword       |       |     6 ||     6
 Cast: Freeze            |    49 |    13 ||    62
       Ozocubu's Armour  |     1 |       ||     1
  Use: Scroll            |     3 |     1 ||     4
       Potion            |     2 |       ||     2
 Stab: Sleeping          |       |     1 ||     1
  Eat: Chunk             |     1 |     1 ||     2
Armor: Robe              |    11 |     4 ||    15
Dodge: Dodged            |    36 |    21 ||    57
